 Dungeon Crawl Stone Soup version 0.25-a0-38-g099c3e1 (webtiles) character file.

Game seed: 4263436957196040462, levelgen mode: deterministic

69053 Berder the Fencer (level 15, -1/120 HPs)
             Began as a Formicid Venom Mage on Oct 20, 2019.
             Was an Elder of Qazlal.
             Slain by an ettin
             ... wielding a +0 dire flail
              (31 damage)
             ... on level 1 of the Orcish Mines on Oct 21, 2019.
             The game lasted 01:48:04 (28790 turns).

Berder the Fencer (Formicid Venom Mage)            Turns: 28790, Time: 01:48:05

Health: -1/120     AC: 21    Str: 21    XL:     15   Next: 72%
Magic:  31/31      EV: 14    Int: 16    God:    Qazlal [****..]
Gold:   1270       SH:  5    Dex: 12    Spells: 11/22 levels left

rFire    + + .     SeeInvis +   a - +1 great sword (slice)
rCold    . . .     Gourm    .   (no shield)
rNeg     . . .     Faith    +   W - +10 ring mail of Panakaof {rPois rF++, hax}
rPois    +         Spirit   .   (helmet unavailable)
rElec    .         Reflect  .   v - +0 cloak
rCorr    .         Harm     .   f - +0 pair of gloves
MR       +....                  y - +0 pair of boots {run}
Stlth    +.........             t - amulet of faith
HPRegen  0.30/turn              M - ring of magical power
MPRegen  0.22/turn              F - +4 ring of strength

@: repel missiles, quick
A: permanent stasis, dig shafts and tunnels, four strong arms, antennae 3
a: Dig, Shaft Self, Upheaval, Elemental Force, Renounce Religion


You were on level 1 of the Orcish Mines.
You worshipped Qazlal.
Qazlal was greatly pleased with you.
You were not hungry.

You visited 4 branches of the dungeon, and saw 23 of its levels.
You also visited: Sewer, Ossuary, Gauntlet and Volcano.

You collected 1360 gold pieces.
You spent 90 gold pieces at shops.

Inventory:

Hand Weapons
 a - a +1 great sword of slicing (weapon)
 c - a +1 arbalest of flaming
 i - a +1 scimitar of flaming
Missiles
 d - 23 javelins (quivered)
 E - 200 bolts
 K - 7 curare-tipped darts
 Z - 14 silver javelins
Armour
 f - a +0 pair of gloves (worn)
 v - a +0 cloak (worn)
 y - a +0 pair of boots of running (worn)
 J - a +4 scale mail of cold resistance
 W - the +10 ring mail of Panakaof (worn) {rPois rF++, hax}
   (You found it on level 10 of the Dungeon)

   It greatly protects you from fire.
   It protects you from poison.
Jewellery
 j - an uncursed amulet of guardian spirit
 l - a +3 amulet of reflection
 t - an amulet of faith (around neck)
 F - a +4 ring of strength (right hand)
 H - the ring "Datwyag" {rC- MP+9 Slay+2 Stlth+}
   (You found it in a Gauntlet)

   [ring of magical power]

   It affects your accuracy and damage with ranged weapons and melee attacks
   (+2).
   It makes you vulnerable to cold.
   It affects your magic capacity (+9).
   It makes you more stealthy.
 M - a ring of magical power (left hand)
 N - a +5 ring of intelligence
 O - an uncursed ring of flight
Wands
 g - a wand of polymorph (8)
 k - a wand of disintegration (11)
 u - a wand of paralysis (6)
 w - a wand of iceblast (23)
 P - a wand of flame (32)
 R - a wand of digging (3)
 V - a wand of clouds (6)
 Y - a wand of enslavement (18)
Scrolls
 h - 5 scrolls of remove curse
 m - 3 scrolls of amnesia
 q - a scroll of immolation {unknown}
 B - 3 scrolls of fear
 C - 2 scrolls of fog
 D - 4 scrolls of enchant weapon
 T - a scroll of magic mapping
 X - 2 scrolls of summoning
Potions
 n - 3 potions of resistance
 o - 7 potions of brilliance
 s - a potion of magic {unknown}
 x - 5 potions of heal wounds
 z - 7 potions of flight
 A - 4 potions of curing
 I - 6 potions of agility
 Q - 2 potions of ambrosia
 S - 4 potions of cancellation
 U - a potion of mutation {unknown}
Miscellaneous
 b - a lamp of fire
 e - a phantom mirror
 r - a fan of gales (inert)
Comestibles
 p - 28 rations
 G - 10 chunks of flesh


   Skills:
 - Level 11.7 Fighting
 + Level 18.6 Long Blades
 - Level 8.5 Armour
 - Level 6.0 Dodging
 - Level 6.0 Stealth
 - Level 4.0 Spellcasting
 - Level 3.0 Conjurations
 - Level 3.0 Air Magic
 - Level 7.1 Poison Magic
 + Level 10.6 Invocations
 - Level 8.0 Evocations


You had 11 spell levels left.
You knew the following spells:

 Your Spells              Type           Power        Failure   Level  Hunger
a - Poisonous Vapours     Pois/Air       ###...       4%          2    ##.....
b - Mephitic Cloud        Conj/Pois/Air  ###.....     13%         3    ###....
c - Passwall              Tmut/Erth      #.......     36%         2    ##.....
d - Olgreb's Toxic Radia  Pois           ####....     14%         4    ####...

Your spell library contained the following spells:

 Spells                   Type           Power        Failure   Level  Hunger
 Sting                    Conj/Pois      ###.         3%          1    None
 Spider Form              Tmut/Pois      ##........   19%         3    ###....
 Throw Flame              Conj/Fire      #.....       21%         2    ##.....
 Static Discharge         Conj/Air       ##......     22%         3    ###....
 Beastly Appendage        Tmut           #.....       26%         1    None
 Confusing Touch          Hex            #.....       26%         1    None
 Sandblast                Erth           #.....       26%         1    None
 Summon Butterflies       Summ           #.......     26%         1    None
 Corpse Rot               Necr           N/A          36%         2    ##.....
 Sticks to Snakes         Tmut           #.......     36%         2    ##.....
 Sublimation of Blood     Necr           #.........   36%         2    ##.....
 Conjure Flame            Conj/Fire      #.......     38%         3    ###....
 Stone Arrow              Conj/Erth      #.....       38%         3    ###....
 Confuse                  Hex            #.......     58%         3    ###....
 Gell's Gravitas          Tloc           #.........   58%         3    ###....
 Recall                   Summ/Tloc      N/A          58%         3    ###....
 Venom Bolt               Conj/Pois      ###.......   65%         5    ######.
 Ice Form                 Ice/Tmut       #.......     94%         4    ####...
 Petrify                  Tmut/Erth      #.......     94%         4    ####...
 Bolt of Draining         Conj/Necr      #.........   98%         5    ######.
 Agony                    Necr           #.......     100%        5    ######.
 Blade Hands              Tmut           #.........   100%        5    ######.
 Dispel Undead            Necr           #.......     100%        5    ######.
 Excruciating Wounds      Chrm/Necr      #.........   100%        5    ######.
 Lee's Rapid Deconstruct  Erth           #.........   100%        5    ######.
 Metabolic Englaciation   Hex/Ice        #.........   100%        5    ######.
 Yara's Violent Unravell  Hex/Tmut       #.........   100%        5    ######.
 Freezing Cloud           Conj/Ice/Air   #.........   100%        6    #######
 Malign Gateway           Summ/Tloc      #.........   100%        7    #######
 Orb of Destruction       Conj           ##........   100%        7    #######
 Ring of Flames           Chrm/Fire      #.........   100%        7    #######
 Dragon's Call            Summ           #.........   100%        9    #######


Dungeon Overview and Level Annotations

Branches:
Dungeon (15/15)            Temple (1/1) D:7            Lair (6/6) D:9
  Swamp (0/4) Lair:2        Snake (0/4) Lair:3        Slime (0/5) Lair:6
    Orc (1/2) D:12         Depths (0/5) D:15          Sewer (visited)
Ossuary (visited)         Volcano (visited)         Gauntlet (visited)
 Vaults: D:13-14

Altars:
Ashenzari
Cheibriados
Dithmenos
Elyvilon
Fedhas
Gozag
Hepliaklqana
Kikubaaqudgha
Makhleb
Nemelex Xobeh
Okawaru
Qazlal
Ru
Sif Muna
Trog
Uskayaw
Vehumet
Wu Jian
Xom
Yredelemnul
Zin
The Shining One
Jiyva

Shops:
D:6 :

Annotations:
D:6 Menkaure
D:11 1 transporter, Zeldest's ghost, amateur SpMo
D:14 Roxanne
Lair:1 3 runed translucent doors, Zeldest's ghost, amateur SpMo
Lair:2 3 runed translucent doors, fearitself's ghost, journeyman GnWz


Innate Abilities, Weirdness & Mutations

You cannot be hasted, slowed, berserked, paralysed or teleported.
You can dig through walls and to a lower floor.
Your four strong arms can wield two-handed weapons with a shield.
You have a pair of large antennae on your head. (SInv)


Message History

The vampire is severely damaged.
The vampire closely misses you.
The vampire bites you but does no damage.
You slice the vampire!!
You destroy the vampire!
Qazlal accepts your kill.
No target in view!
Found a blackened book.
You see here a +0 dagger.
You pick up Riboaro's Handbook of Confrontation and Feathers and begin reading...
You add the spells Throw Flame, Static Discharge and Orb of Destruction to your library.
You pick up the Tome of the Supportive Traveller and begin reading...
You add the spells Summon Butterflies, Recall, Malign Gateway and Dragon's Call to your library.
You see here a glowing scale mail.
You see here a lamp of fire.
b - a lamp of fire You see here a shiny plate armour.
You see here a glowing plate armour.
You see here a shiny plate armour.
J - a shiny plate armour You start removing your armour.
You continue taking off the +10 ring mail of Panakaof {rPois rF++, hax}. x4
You finish taking off the +10 ring mail of Panakaof {rPois rF++, hax}.
You start putting on your armour.
You continue putting on your shiny plate armour. x5
You finish putting on your +2 plate armour of cold resistance.
You feel resistant to cold.
You start removing your armour.
You continue taking off your +2 plate armour of cold resistance. x4
You finish taking off your +2 plate armour of cold resistance.
You feel less resistant to cold.
You drop a +2 plate armour of cold resistance.
You see here a glowing plate armour.
J - a glowing plate armour
Okay, then.
You start putting on your armour.
You continue putting on your glowing plate armour. x4
You finish putting on your +2 plate armour of fire resistance.
You feel resistant to fire.
You start removing your armour.
You continue taking off your +2 plate armour of fire resistance. x4
You finish taking off your +2 plate armour of fire resistance.
You feel less resistant to fire.
You drop a +2 plate armour of fire resistance.
You see here a glowing scale mail.
J - a glowing scale mail You start putting on your armour.
You continue putting on your glowing scale mail. x4
You finish putting on your +4 scale mail of cold resistance.
You feel resistant to cold.
You start removing your armour.
You continue taking off your +4 scale mail of cold resistance. x3
You are feeling hungry.
You continue taking off your +4 scale mail of cold resistance.
You finish taking off your +4 scale mail of cold resistance.
You feel less resistant to cold.
You start putting on your armour.
You continue putting on the +10 ring mail of Panakaof {rPois rF++, hax}. x5
You finish putting on the +10 ring mail of Panakaof {rPois rF++, hax}.
You drop a +4 scale mail of cold resistance.
You see here a +4 scale mail of cold resistance.
J - a +4 scale mail of cold resistance Drop what? 51/52 slots (_ for help) (? for menu, Esc to quit)
You drop a +0 chain mail of cold resistance.
You see here a +2 plate armour of cold resistance.
You see here a +2 plate armour of fire resistance.
You see here a +2 plate armour of fire resistance.
Found 2 potions of haste.
Done exploring.
Unknown command.
Done exploring.
(D) Dungeon (T) Temple (L) Lair (S) Swamp (P) Snake Pit (M) Slime Pits (O) Orcish Mines (U) Depths
Where to? (Enter - D:12 @ (x,y), ? - help)
What level of the Orcish Mines? (default 1, ? - help)
You hear a shout!
A centaur warrior comes into view. It is wielding a staff of death.
The centaur warrior shouts!
The centaur warrior wields a +0 longbow.
The centaur warrior shoots an arrow.
The arrow misses you.
You see here an arrow.
The centaur warrior shoots an arrow.
The arrow completely misses you.
The centaur warrior shoots an arrow.
The arrow closely misses you.
The centaur warrior shoots an arrow.
The arrow hits you!!
There is a stone staircase leading down, spattered with blood here.
You see here an arrow.
The centaur warrior shoots an arrow.
The arrow is repelled.
The centaur warrior shoots an arrow.
The arrow is repelled.
The centaur warrior shoots an arrow.
The arrow is repelled.
The centaur warrior is engulfed in blazing flames.
The centaur warrior unwields a +0 longbow.
The centaur warrior wields an uncursed staff of death.
The centaur warrior hits you but does no damage.
You slash the centaur warrior!
The centaur warrior is moderately wounded.
You completely miss the centaur warrior.
The centaur warrior is moderately wounded.
The centaur warrior is engulfed in blazing flames.
The centaur warrior closely misses you.
You riposte.
You hit the centaur warrior.
The centaur warrior is heavily wounded.
The centaur warrior is engulfed in blazing flames.
The centaur warrior hits you with an uncursed staff of death.
You writhe in agony!
You slice the centaur warrior!!
You kill the centaur warrior!
Qazlal accepts your kill.
No target in view!
Items here: ( ) | † an uncursed staff of death; a +0 longbow; an arrow; a centaur corpse Unknown command.
You butcher the centaur corpse.
G - 6 chunks of flesh
Items here: ( ) | ÷ an uncursed staff of death; a +0 longbow; an arrow; a centaur skeleton There isn't anything to butcher here.
Unknown command.
Unknown command.
Unknown command.
Unknown command.
Eating one of 6 chunks of flesh.
You eat one of the 6 chunks of flesh.
This raw flesh tastes terrible.
Items here: ( ) | ÷ an uncursed staff of death; a +0 longbow; an arrow; a centaur skeleton
(D) Dungeon (T) Temple (L) Lair (S) Swamp (P) Snake Pit (M) Slime Pits (O) Orcish Mines (U) Depths
Where to? (Enter - Orc:1, ? - help)
Things that are here:
a +0 falchion; a +0 leather armour You see here a cursed +0 club.
There is an open door, spattered with blood here.
Items here: ))) [[[
Things that are here:
a +0 falchion; a +0 dagger; a +0 leather armour
There is an open door here.
You see here a +0 club.
There is a staircase to the Orcish Mines here.
You climb downwards.
Welcome to the Orcish Mines!
Found 23 gold pieces.
There is a staircase back to the Dungeon here.
Unknown command.
You now have 1270 gold pieces (gained 23).
Found 26 gold pieces.
You hear a shout!
A troll comes into view.
The troll shouts!
Found 10 gold pieces.
Found a stone staircase leading down.
You hear a shout!
Unknown command.
The troll bites you. The troll claws you but does no damage.
You block the troll's attack.
You hit the troll but do no damage.
You hear a shout!
You block the troll's attack. x2; The troll closely misses you.
You barely miss the troll.
Your ring mail of Panakaof prevents you from hitting the troll.
You hear two shouts!
The troll is engulfed in freezing vapours.
You block the troll's attack. The troll claws you. The troll barely misses you.
You closely miss the troll.
The troll is moderately wounded.
The troll is engulfed in freezing vapours.
The troll barely misses you.
You riposte.
You slice the troll!!
You kill the troll!
Qazlal accepts your kill.
No target in view!
You see here a troll corpse.
You butcher the troll corpse.
G - 10 chunks of flesh (gained 5)
You see here a troll skeleton.
An ogre comes into view. It is wielding a +0 giant club.
There isn't anything to butcher here.
Unknown command.
Unknown command.
Unknown command.
Unknown command.
There are no objects that can be picked up here. a troll skeleton An ettin comes into view.
It is wielding two +0 dire flails.
Okay, then.
You slash the ogre!
The ogre is severely wounded.
You block the ogre's attack.
Unknown command.
You barely miss the ogre.
The ogre is severely wounded.
You slice the ogre!!
You kill the ogre!
Qazlal accepts your kill.
You hear a shout! x7
The ettin hits you with a +0 dire flail!!! x2
* * * LOW HITPOINT WARNING * * *
Things that are here:
a +0 giant club; an ogre corpse Unknown command.
Unknown command.
Evoke which item? (* to show all) (? for menu, Esc to quit)
A fierce wind blows from the fan.
The ettin hits you with a +0 dire flail!!
You die...

... ... .......
...............
....#.>..........
...................
#....○.............
#.........○##.$..
......C#.....#...
#..§.@.....$##
##...#.......#
##○...○....##
##.##.°....#
#...#..÷..##
##...#....#
##.####.#... ##.##
## ..# #^..# ##


You could see an ettin.

Vanquished Creatures
  A red draconian (Volcano)
  A minotaur (Gauntlet)
  5 hydras
  An ice dragon (D:12)
  2 catoblepae
  4 centaur warriors
  2 two-headed ogres
  9 death yaks
  A soul eater (Gauntlet)
  4 skeletal warriors (D:11)
  Pikel (D:8)
  3 ugly things
  A deep elf mage (D:14)
  An oklob plant (Lair:5)
  10 elephants
  3 cyclopes
  A manticore (D:11)
  3 black mambas (Lair:6)
  Maurice (D:13)
  11 spiny frogs
  2 gargoyles (Gauntlet)
  A rime drake (Lair:6)
  2 komodo dragons
  A centaur skeleton (D:12)
  2 yaktaurs (Volcano)
  A freezing wraith (D:12)
  A kobold demonologist (D:12)
  5 trolls
  3 polar bears
  6 hornets
  A bog body (Lair:2)
  Prince Ribbit (D:8)
  18 blink frogs
  2 raiju (Gauntlet)
  2 dream sheep (Lair:6)
  14 hippogriffs
  A slime creature (D:11)
  14 spriggans (Lair:6)
  A shadow (D:14)
  A wraith (D:11)
  2 vampires
  3 wyverns
  A human (shapeshifter) (D:14)
  2 basilisks
  30 yaks
  A basilisk (shapeshifter) (D:12)
  A hungry ghost (D:14)
  3 vampire mosquitoes
  Grum (D:8)
  3 swamp worms (Lair:2)
  2 nagas (Lair:3)
  2 acid dragons
  2 floating eyes (D:9)
  13 water moccasins
  7 porcupines
  10 orc warriors
  6 sky beasts
  2 slaves (D:8)
  10 black bears
  3 ice beasts
  3 phantoms
  6 necrophages
  9 ogres
  6 boggarts
  An eye of draining (D:10)
  22 wolves
  17 centaurs
  5 crocodiles
  2 elf zombies (Ossuary)
  3 big kobolds
  14 bullfrogs
  2 scorpions
  11 killer bees
  5 wights
  3 electric eels
  2 howler monkeys (D:8)
  6 crimson imps
  A quasit (D:9)
  3 centaur zombies
  5 jellies
  8 orc priests
  A bullfrog skeleton (D:11)
  7 hounds
  A human zombie (Ossuary)
  18 orc wizards
  2 iguanas
  A lightning spire (Gauntlet)
  2 hell rats (D:9)
  8 worker ants
  A killer bee zombie (D:5)
  A big kobold zombie (Ossuary)
  A hound skeleton (D:4)
  2 mummies (Ossuary)
  A howler monkey zombie (D:5)
  2 worker ant zombies
  4 gnolls (D:4)
  17 adders
  A river rat (D:9)
  8 shadow imps
  11 oozes
  2 adder skeletons
  3 adder zombies
  3 worms
  5 dart slugs
  8 leopard geckos
  60 orcs
  3 ball pythons (Sewer)
  8 bats
  9 giant cockroaches
  7 goblins
  4 hobgoblins
  25 jackals
  9 quokkas
  A giant cockroach zombie (D:5)
  9 hobgoblin zombies (Ossuary)
  A jackal zombie (Ossuary)
  35 kobolds
  8 kobold zombies (Ossuary)
  11 orc zombies (Ossuary)
  A quokka skeleton (D:5)
  10 rats
  A rat zombie (Ossuary)
694 creatures vanquished.

Vanquished Creatures (others)
  A centaur warrior (Volcano)
  An orc wizard (D:6)
  4 orcs (D:12)
  A jackal (D:8)
  A bush (Lair:6)
  23 fungi
  23 plants (Lair:6)
  6 toadstools (D:4)
60 creatures vanquished.

Grand Total: 754 creatures vanquished

Notes
Turn   | Place    | Note
-------+----------+-------------------------------------------
     0 | D:1      | Berder the Formicid Venom Mage began the quest for the Orb.
     0 | D:1      | Reached XP level 1. HP: 13/13 MP: 3/3
   216 | D:1      | Reached skill level 1 in Fighting
   319 | D:1      | Reached XP level 2. HP: 21/21 MP: 3/5
   735 | D:1      | Reached XP level 3. HP: 27/27 MP: 0/6
  1274 | D:2      | Learned a level 3 spell: Mephitic Cloud
  1355 | D:1      | Reached skill level 1 in Conjurations
  1584 | D:2      | Reached XP level 4. HP: 22/34 MP: 1/7
  1946 | D:2      | Reached skill level 1 in Air Magic
  1963 | D:2      | Learned a level 2 spell: Poisonous Vapours
  2197 | D:2      | Found a shimmering blue altar of Sif Muna.
  2396 | D:2      | Reached XP level 5. HP: 39/39 MP: 0/8
  2495 | D:2      | Found a snail-covered altar of Cheibriados.
  2539 | D:2      | Found an ornate altar of the Wu Jian Council.
  3366 | D:4      | Found a snail-covered altar of Cheibriados.
  3366 | D:4      | Found a hide-covered altar of Uskayaw.
  3366 | D:4      | Found a white marble altar of Elyvilon.
  3526 | D:4      | Found a basalt altar of Yredelemnul.
  3550 | D:4      | Reached skill level 5 in Poison Magic
  3568 | D:4      | Reached XP level 6. HP: 45/45 MP: 2/9
  3800 | D:4      | Found a glowing drain.
  3851 | Sewer    | Entered a sewer
  4113 | Sewer    | Reached XP level 7. HP: 43/51 MP: 6/11
  5256 | D:4      | Reached XP level 8. HP: 57/58 MP: 5/14
  5565 | D:5      | Entered Level 5 of the Dungeon
  5747 | D:5      | Reached skill level 5 in Stealth
  5767 | D:5      | Found Zin's Purification Station.
  5939 | D:5      | Found a glowing silver altar of Zin.
  5953 | D:5      | Bought a potion of curing for 90 gold pieces
  6486 | D:5      | Reached skill level 5 in Fighting
  6588 | D:5      | Learned a level 4 spell: Olgreb's Toxic Radiance
  6936 | D:6      | Reached XP level 9. HP: 71/71 MP: 15/15
  7365 | D:6      | Found Zoxink's Book Shop.
  8434 | D:6      | Noticed Menkaure
  8569 | D:6      | Found a radiant altar of Vehumet.
  8689 | D:7      | Noticed a troll
  8700 | D:7      | Killed a troll
  8864 | D:7      | Reached skill level 10 in Fighting
  8910 | D:7      | Found a sand-covered staircase.
  8923 | Ossuary  | Entered an ossuary
  9566 | D:7      | Reached XP level 10. HP: 85/85 MP: 16/16
  9610 | D:7      | Found a staircase to the Ecumenical Temple.
  9664 | Temple   | Entered the Ecumenical Temple
  9736 | Temple   | Became a worshipper of Qazlal Stormbringer
  9832 | D:7      | Reached skill level 1 in Invocations
  9919 | D:7      | Reached skill level 5 in Dodging
 10043 | D:7      | Found a bloodstained altar of Trog.
 10065 | D:7      | Found an ancient bone altar of Kikubaaqudgha.
 10224 | D:8      | Noticed Grum
 10233 | D:8      | Killed Grum
 10542 | D:8      | Found a glowing golden altar of the Shining One.
 11174 | D:8      | Reached skill level 5 in Invocations
 11203 | D:8      | Noticed Pikel
 11209 | D:8      | Noticed Prince Ribbit
 11236 | D:8      | Killed Pikel
 11411 | D:8      | Reached * piety under Qazlal
 11609 | D:8      | Killed Prince Ribbit
 11948 | D:9      | Reached skill level 1 in Armour
 11971 | D:9      | Reached XP level 11. HP: 46/91 MP: 3/17
 12426 | D:9      | Found a blossoming altar of Fedhas.
 12443 | D:9      | Noticed a death yak
 12678 | D:9      | Killed a death yak
 12997 | D:9      | Reached skill level 5 in Armour
 13012 | D:9      | Noticed a death yak
 13015 | D:9      | Noticed a death yak
 13043 | D:9      | Killed a death yak
 13131 | D:9      | Killed a death yak
 13131 | D:9      | Reached ** piety under Qazlal
 13277 | D:9      | Found a staircase to the Lair.
 14126 | D:10     | Entered Level 10 of the Dungeon
 14787 | D:10     | Got a crude ring mail
 14798 | D:10     | Identified the +10 ring mail of Panakaof {rPois rF++} (You
                  | found it on level 10 of the Dungeon)
 15026 | D:10     | Reached skill level 1 in Long Blades
 15573 | D:11     | Reached skill level 2 in Long Blades
 15573 | D:11     | Reached XP level 12. HP: 99/99 MP: 14/18
 15578 | D:11     | Reached skill level 3 in Long Blades
 15634 | D:11     | Reached *** piety under Qazlal
 15638 | D:11     | Reached skill level 4 in Long Blades
 15657 | D:10     | Reached skill level 5 in Long Blades
 15863 | D:11     | Reached skill level 6 in Long Blades
 15879 | D:11     | Noticed a two-headed ogre
 15897 | D:11     | Killed a two-headed ogre
 15897 | D:11     | Reached skill level 7 in Long Blades
 15908 | D:11     | Reached skill level 8 in Long Blades
 16181 | D:11     | You fall into a shaft and drop 3 floors!
 16181 | D:14     | Noticed a centaur warrior
 16191 | D:14     | Killed a centaur warrior
 16191 | D:14     | Reached skill level 9 in Long Blades
 16223 | D:14     | Noticed a catoblepas
 16226 | D:14     | Noticed a two-headed ogre
 16237 | D:14     | Reached skill level 10 in Long Blades
 16331 | D:14     | Noticed a centaur warrior
 16337 | D:14     | You fall into a shaft and drop 1 floor!
 16337 | D:15     | Entered Level 15 of the Dungeon
 16391 | D:14     | Noticed Roxanne
 16442 | D:14     | Noticed a two-headed ogre
 16460 | D:14     | Killed a two-headed ogre
 16460 | D:14     | Reached skill level 11 in Long Blades
 16475 | D:14     | Killed a centaur warrior
 16629 | D:14     | Reached skill level 12 in Long Blades
 16782 | D:14     | Noticed a centaur warrior
 16787 | D:14     | Killed a centaur warrior
 16787 | D:14     | Reached skill level 13 in Long Blades
 16787 | D:14     | Reached XP level 13. HP: 107/107 MP: 18/19
 16880 | D:13     | Noticed Maurice
 16896 | D:13     | Killed Maurice
 17140 | D:12     | Noticed an eight-headed hydra
 17334 | D:11     | Reached skill level 14 in Long Blades
 17353 | D:11     | Found a blossoming altar of Fedhas.
 17390 | D:11     | Found a transporter.
 17394 | D:11     | Noticed Zeldest's ghost (amateur SpMo)
 17898 | D:11     | Reached **** piety under Qazlal
 18213 | D:12     | Noticed an ice dragon
 18297 | Lair:1   | Entered Level 1 of the Lair of Beasts
 18368 | Lair:1   | Reached skill level 1 in Evocations
 18582 | Lair:1   | Found a runed translucent gate.
 18582 | Lair:1   | Found a runed translucent gate.
 18582 | Lair:1   | Found a viscous altar of Jiyva.
 18582 | Lair:1   | Found a runed translucent gate.
 18582 | Lair:1   | Noticed Zeldest's ghost (amateur SpMo)
 19219 | Lair:2   | Found a runed translucent gate.
 19219 | Lair:2   | Found a runed translucent gate.
 19219 | Lair:2   | Found a runed translucent gate.
 19428 | Lair:2   | Noticed fearitself's ghost (journeyman GnWz)
 19429 | Lair:2   | Found a viscous altar of Jiyva.
 19525 | Lair:2   | Found a staircase to the Swamp.
 19938 | Lair:3   | Found a staircase to the Snake Pit.
 19986 | Lair:3   | Noticed a seven-headed hydra
 19995 | Lair:3   | Killed a seven-headed hydra
 20050 | Lair:3   | Reached skill level 15 in Long Blades
 20077 | Lair:3   | Found a dark tunnel.
 20088 | Volcano  | Entered a volcano
 20132 | Volcano  | Noticed a centaur warrior
 20148 | Volcano  | Killed a centaur warrior
 20160 | Volcano  | Reached skill level 5 in Evocations
 20165 | Volcano  | Noticed a red draconian
 20267 | Volcano  | Reached XP level 14. HP: 51/114 MP: 21/21
 20532 | Volcano  | Killed a red draconian
 20541 | Volcano  | Found a burning altar of Makhleb.
 20579 | Volcano  | Identified a +0 pair of boots of running (You found it in a
                  | volcano)
 21258 | Lair:4   | Found a gate leading to a gauntlet.
 21285 | Gauntlet | Entered a Gauntlet
 21285 | Gauntlet | Found a transporter.
 21292 | Gauntlet | Found a transporter.
 21294 | Gauntlet | Found a transporter.
 21306 | Gauntlet | Found a transporter.
 21308 | Gauntlet | Found a transporter.
 21317 | Gauntlet | Found a transporter.
 21333 | Gauntlet | Found a transporter.
 21344 | Gauntlet | Found a transporter.
 21354 | Gauntlet | Found a transporter.
 21368 | Gauntlet | Found a transporter.
 21378 | Gauntlet | Found a transporter.
 21378 | Gauntlet | Found a transporter.
 21687 | Gauntlet | Found a transporter.
 21804 | Gauntlet | Got a scorched ivory ring
 21806 | Gauntlet | Identified the ring "Datwyag" {rC- MP+9 Slay+2 Stlth+} (You
                  | found it in a Gauntlet)
 21823 | Gauntlet | Learned a level 2 spell: Passwall
 21856 | Gauntlet | Noticed a minotaur
 21862 | Gauntlet | Killed a minotaur
 21889 | Gauntlet | Found the +10 Black Knight's horse barding {ponderous,
                  | rPois rN+}
 21889 | Gauntlet | Found the cursed +13 scythe of Curses {drain, *Curse}
 23208 | Lair:5   | Reached skill level 16 in Long Blades
 24100 | Lair:6   | Entered Level 6 of the Lair of Beasts
 24234 | Lair:6   | Found a staircase to the Slime Pits.
 25652 | Lair:6   | Reached skill level 17 in Long Blades
 25769 | Lair:6   | Reached XP level 15. HP: 107/120 MP: 22/22
 26056 | Lair:6   | Reached ***** piety under Qazlal
 26878 | Lair:6   | Reached skill level 18 in Long Blades
 27483 | D:11     | Reached skill level 10 in Invocations
 28119 | D:12     | Found a staircase to the Orcish Mines.
 28576 | D:12     | Identified Riboaro's Handbook of Confrontation and Feathers
 28578 | D:12     | Identified the Tome of the Supportive Traveller
 28764 | Orc:1    | Entered Level 1 of the Orcish Mines
 28790 | Orc:1    | Slain by an ettin

Levels and vault maps discovered:
D:1:      lightli_arrival_quake, layout_loops_ring
D:2:      layout_rooms, lemuel_doored_altar, nicolae_overflow_crystal_walls,
          kennysheep_slug_shrine
D:3:      layout_basic
D:4:      cheibrodos_fertilizer, layout_basic,
          chequers_temple_overflow_statue_of_worship, first_ration,
          gup_sewer_entry_pipe, minivault_26
D:5:      layout_basic, zin_purify
D:6:      layout_basic, overflow_temple_1_default, serial_shops, shop,
          minmay_manual_mail, uniq_menkaure
D:7:      layout_basic, nicolae_overflow_hidden_temple, temple_pool_b,
          lightli_ossuary_entry_decrepit_ruins, grunt_ogre_cave
D:8:      layout_rooms, nicolae_tso_carved_into_rock, uniq_prince_ribbit1,
          uniq_pikel, uniq_grum
D:9:      layout_basic, fedhas_ov_isle_minmay, dpeg_lair_monsters,
          hex_intersection, grunt_ministairs_3, chequers_jeans,
          onia_ninara_cookie
D:10:     layout_stronghold
D:11:     layout_cross, gammafunk_ghost_smash, basic_altar
D:12:     minmay_the_grid_triangle_9x9_recursive_2_mashed
          [minmay_the_grid_triangle_9x9_prize_schism,
          minmay_the_grid_triangle_9x9_limited_checkers,
          minmay_the_grid_triangle_9x9_empty,
          minmay_the_grid_triangle_9x9_thin_v], layout_cave_pools,
          hiddenorc2_lemuel
D:13:     layout_roguey, lightli_vaults_fourway_checkpoint, uniq_erolcha,
          uniq_maurice
D:14:     layout_loops_ring, hangedman_abyss_or_decor_jellyfish_corner,
          portal_ice_cave_entry_pillars_2, minmay_fractal_squares_gapless_5,
          uniq_roxanne
D:15:     hangedman_depths_entry_civil_slaughter, layout_long_grid,
          serial_bayou_pond_e
Temple:   jpeg_temple_alley_garden
Lair:1:   layout_cave_shapes, gammafunk_ghost_ooze, infiniplex_staircase_pool_2
Lair:2:   layout_chaotic_city, nicolae_swamp_entry_splash_gauntlet,
          gammafunk_ghost_ooze, serial_bayou_shore_a
Lair:3:   layout_regular_city, guppyfry_snake_entry_island,
          nicolae_volcano_entry_s_turn, lemuel_old_faithful
Lair:4:   layout_layer_cave, gauntlet_entry_generic
Lair:5:   layout_gridlike, grunt_forest_small_clearings
Lair:6:   minmay_lair_end_enchanted_forest, layout_cave_pods, slime_dummy,
          minmay_stone_trees_small, gammafunk_lair_bear_cave
Orc:1:    layout_caves, serial_shops, nicolae_shop_trees, basic_altar,
          bloody_makhleb

Skill      XL: |  1  2  3  4  5  6  7  8  9 10 11 12 13 14 15 |
---------------+----------------------------------------------+-----
Fighting       | 1 2 3 6 10 11 | 11.7
Stealth        | 3 4 6 |  6.0
Conjurations   | 1 2 3 |  3.0
Air Magic      | 1 2 3 |  3.0
Poison Magic   | 5 6 7 |  7.1
Spellcasting   | 3 4 |  4.0
Dodging        | 3 6 |  6.0
Invocations    | 7 9 10 | 10.6
Armour         | 2 8 |  8.5
Long Blades    | 2 13 15 17 18 | 18.6
Evocations     | 5 8 |  8.0

Action                   |  1- 3 |  4- 6 |  7- 9 | 10-12 | 13-15 || total
-------------------------+-------+-------+-------+-------+-------++-------
Melee: Short sword       |    48 |     2 |       |       |       ||    50
       Dagger            |       |    81 |    33 |       |       ||   114
       Whip              |       |       |   241 |   226 |       ||   467
       Great sword       |       |       |       |   125 |   856 ||   981
       Scimitar          |       |       |       |       |    31 ||    31
 Fire: Hunting sling     |       |    28 |   123 |       |       ||   151
       Hand crossbow     |       |       |    35 |    14 |       ||    49
       Arbalest          |       |       |       |       |     4 ||     4
Throw: Javelin           |       |       |       |     2 |       ||     2
       Dart              |       |       |       |    11 |       ||    11
 Cast: Sting             |    54 |    72 |    20 |     5 |       ||   151
       Poisonous Vapours |       |    16 |    96 |   234 |    74 ||   420
       Olgreb's Toxic Ra |       |       |     1 |    21 |    24 ||    46
       Mephitic Cloud    |       |       |       |    25 |     2 ||    27
Invok: Upheaval          |       |       |       |     3 |    26 ||    29
 Abil: Dig               |       |     1 |     6 |     7 |     8 ||    22
       Shaft Self        |       |       |       |     1 |       ||     1
Evoke: Wand              |       |       |       |     1 |     2 ||     3
       Fan of gales      |       |       |       |       |     1 ||     1
  Use: Scroll            |     2 |     3 |     2 |     9 |    10 ||    26
       Potion            |     1 |       |     3 |     6 |     1 ||    11
 Stab: Sleeping          |       |     5 |     5 |     1 |       ||    11
       Distracted        |       |       |     2 |       |       ||     2
       Confused          |       |       |       |     4 |     1 ||     5
  Eat: Ration            |     1 |       |     1 |     3 |     2 ||     7
       Chunk             |       |    10 |    17 |    27 |    41 ||    95
Armor: Robe              |    16 |    25 |    51 |     9 |       ||   101
       Skin              |     4 |       |       |       |       ||     4
       Leather armour    |       |       |       |    22 |       ||    22
       Ring mail         |       |       |       |   120 |   429 ||   549
Dodge: Dodged            |    59 |    68 |   205 |   335 |   532 ||  1199
       Deflected         |       |       |       |       |     6 ||     6
Block: Other             |       |       |       |    49 |   175 ||   224
       Rpst.: Great sword |       |       |       |    37 |   139 ||   176
       Scimitar          |       |       |       |       |     4 ||     4

Table legend:
 A = Non-vault XP
 B = Vault XP
 C = Vault XP percentage of total XP
 D = Non-vault monster count
 E = Vault monster count
 F = Vault count percentage of total count
                 A         B        C        D         E       F
            +---------+---------+-------+---------+---------+-------
      Total |   67886 |   30762 |  31.2 |     444 |     249 |  35.9
            +---------+---------+-------+---------+---------+-------
        D:1 |      37 |       0 |   0.0 |      23 |       0 |   0.0
        D:2 |     101 |       4 |   3.8 |      21 |       1 |   4.5
        D:3 |      74 |       0 |   0.0 |      16 |       0 |   0.0
        D:4 |     492 |     163 |  24.9 |      29 |      21 |  42.0
        D:5 |     556 |       0 |   0.0 |      21 |       0 |   0.0
        D:6 |     803 |     353 |  30.5 |      28 |       6 |  17.6
        D:7 |    1525 |     232 |  13.2 |      20 |       2 |   9.1
        D:8 |     897 |    1331 |  59.7 |      23 |       6 |  20.7
        D:9 |    1321 |    4381 |  76.8 |      20 |      28 |  58.3
       D:10 |    3033 |       0 |   0.0 |      27 |       0 |   0.0
       D:11 |    9789 |     975 |   9.1 |      58 |      12 |  17.1
       D:12 |    2745 |    4069 |  59.7 |      13 |      29 |  69.0
       D:13 |     804 |     433 |  35.0 |       3 |       1 |  25.0
       D:14 |    7552 |     286 |   3.6 |      23 |       2 |   8.0
     Lair:1 |    1665 |       0 |   0.0 |       8 |       0 |   0.0
     Lair:2 |    4681 |     817 |  14.9 |      16 |       5 |  23.8
     Lair:3 |    1711 |     323 |  15.9 |       6 |       2 |  25.0
     Lair:4 |    2840 |       0 |   0.0 |      10 |       0 |   0.0
     Lair:5 |    6581 |     115 |   1.7 |      23 |       1 |   4.2
     Lair:6 |   20257 |    9072 |  30.9 |      54 |      50 |  48.1
      Orc:1 |     422 |       0 |   0.0 |       2 |       0 |   0.0
      Sewer |       0 |     247 | 100.0 |       0 |      24 | 100.0
    Ossuary |       0 |     392 | 100.0 |       0 |      39 | 100.0
    Volcano |       0 |    3313 | 100.0 |       0 |       8 | 100.0
   Gauntlet |       0 |    4256 | 100.0 |       0 |      12 | 100.0
            +---------+---------+-------+---------+---------+-------
